 Dungeon Crawl Stone Soup version 0.31-a0-214-gb37851dbb3 (webtiles) character file.

Game seed: 6611737155215251540

10978 innerfire43 the Carver (level 11, -2/77 HPs)
             Began as a Demonspawn Monk on July 1, 2023.
             Was a High Priest of Hepliaklqana.
             Slain by a basilisk (4 damage)
             ... while petrified by a basilisk
             ... on level 10 of the Dungeon.
             The game lasted 00:15:03 (9164 turns).

innerfire43 the Carver (Demonspawn Monk)            Turns: 9164, Time: 00:15:04

Health: -2/77      AC: 17    Str: 15    XL:     11   Next: 43%
Magic:  11/11      EV:  2    Int: 12    God:    Hepliaklqana [*****.]
Gold:   631        SH:  0    Dex: 19    Spells: 10/10 levels left

rFire   + . .        O - +7 Throatcutter {drain, coup de grace}
rCold   + . .        w - +1 tower shield
rNeg    + + +        H - +2 leather armour "Vueronat" {rPois rC+ Dex+3}
rPois   ∞            (helmet unavailable)
rElec   .            u - +0 cloak
rCorr   +            (no gloves)
SInv    .            p - +1 pair of boots
Will    .....        o - amulet of reflection
Stlth   +            L - ring of protection from fire
HPRegen 0.32/turn    P - ring of resist corrosion
MPRegen 0.12/turn

%: reflection
@: petrified, sanguine armoured
A: reduced essence, horns 3, demonic guardian 2, sanguine armour 2
a: Renounce Religion, Recall Ancestor, Ancestor Identity, Transference, Idealise


You were on level 10 of the Dungeon.
You worshipped Hepliaklqana.
Hepliaklqana was extremely pleased with you.
You visited 1 branch of the dungeon, and saw 10 of its levels.

You collected 631 gold pieces.

Inventory:

Hand Weapons
 a - a +0 hand axe of protection
 t - a +2 quarterstaff of chaos
 J - a +7 heavy flail
 O - the +7 Throatcutter (weapon) {drain, coup de grace}
   (You found it on level 6 of the Dungeon)
Armour
 b - a +0 robe
 d - an orb of light
 i - a +2 robe of fire resistance
 p - a +1 pair of boots (worn)
 u - a +0 cloak (worn)
 w - a +1 tower shield (worn)
 H - the +2 leather armour "Vueronat" (worn) {rPois rC+ Dex+3}
   (You found it on level 5 of the Dungeon)

   Dex:       It affects your dexterity (+3).
   rC:        It protects you from cold.
   rPois:     It protects you from poison.
 K - a +3 leather armour of fire resistance
Jewellery
 n - a ring of see invisible
 o - an amulet of reflection (around neck)
 y - an amulet of magic regeneration
 z - a ring of ice
 F - a ring of ice
 L - a ring of protection from fire (left hand)
 M - an amulet of guardian spirit
 P - a ring of resist corrosion (right hand)
 Q - a ring of wizardry
Wands
 r - a wand of roots (15)
 v - a wand of flame (28)
 S - a wand of mindburst (3)
 T - a wand of charming (6)
Scrolls
 e - 3 scrolls of vulnerability
 f - a scroll of revelation
 s - a scroll of fog
 B - 4 scrolls of teleportation
 C - 7 scrolls of identify
 E - a scroll of immolation
 I - a scroll of silence
 N - a scroll of poison
Potions
 g - 7 potions of curing
 h - a potion of mutation
 j - 3 potions of attraction {unknown}
 k - 3 potions of brilliance {unknown}
 l - 3 potions of might {unknown}
 m - 2 potions of berserk rage {unknown}
 q - a potion of degeneration {unknown}
 x - a potion of haste {unknown}
 A - 2 potions of lignification {unknown}
 D - 2 potions of cancellation {unknown}
 G - 3 potions of magic {unknown}
 R - a potion of invisibility {unknown}


   Skills:
 - Level 8.3 Fighting
 * Level 10.2 Long Blades
 - Level 7.0 Axes
 - Level 7.0 Dodging
 - Level 6.4 Shields


You had 10 spell levels left.
You didn't know any spells.
Your spell library contained the following spells:

 Spells                   Type           Power      Damage    Failure   Level
 Sting                    Tmut/Pois      0%         1d3       98%         1
 Cigotuvi's Dreadful Rot  Necr/Pois/Air  0%         N/A       99%         2
 Poisonous Vapours        Pois/Air       0%         N/A       99%         2
 Tukima's Dance           Hex            0%         N/A       100%        3
 Dispel Undead            Necr           0%         3d6       100%        4
 Manifold Assault         Tloc           0%         N/A       100%        4
 Olgreb's Toxic Radiance  Pois           0%         N/A       100%        4
 Passage of Golubria      Tloc           0%         N/A       100%        4
 Yara's Violent Unravell  Hex/Tmut       0%         3d3       100%        5
 Death Channel            Necr           0%         N/A       100%        6
 Dispersal                Tloc           0%         N/A       100%        6
 Disjunction              Tloc           0%         N/A       100%        8


Dungeon Overview and Level Annotations

Branches:
Dungeon (10/15)            Temple (0/1) D:7
   Lair: D:8-11         Orc: D:9-12

Altars:
Hepliaklqana
Nemelex Xobeh
Trog
Uskayaw

Annotations:
D:10 2 runed translucent doors, superbruh's ghost, journeyman MiFi


Innate Abilities, Weirdness & Mutations

Your life essence is reduced to manifest your ancestor. (-10% HP)
You have a pair of large horns on your head.
A demonic guardian rushes to your aid.
When seriously injured, your blood forms thick armour. (AC +9)


Message History

The shadow flickers and vanishes!
Deactivating autopickup; reactivate with Ctrl-A.
The yak gores you!
* * * LOW HITPOINT WARNING * * *
The yak gores you but does no damage. The basilisk gazes at you.
You resist with some effort. The yak gores you but does no damage.
The wyvern bites you but does no damage.
Your limbs are stiffening.
You feel better.
You feel less invigorated. You block the wyvern's attack.
The basilisk bites you.
* * * LOW HITPOINT WARNING * * *
The yak gores you. You block the yak's attack. The wyvern bites you!
* * * LOW HITPOINT WARNING * * *
The yak gores you but does no damage. You block the yak's attack.
The basilisk bites you but does no damage.
The yak barely misses you.
You have turned to stone.
The wyvern bites you.
* * * LOW HITPOINT WARNING * * *
Your soul eater misses the yak.
The yak gores you but does no damage. x2
The basilisk bites you.
* * * LOW HITPOINT WARNING * * *
The yak gores you but does no damage. The wyvern bites you.
* * * LOW HITPOINT WARNING * * *
Your soul eater barely misses the yak.
The wyvern bites you but does no damage.
The yak gores you but does no damage.
The basilisk bites you but does no damage.
The yak gores you but does no damage.
The wyvern bites you but does no damage.
Your soul eater hits the yak!
The yak dies!
The yak snorts and paws the ground.
The yak gores you.
* * * LOW HITPOINT WARNING * * *
The yak gores you.
* * * LOW HITPOINT WARNING * * *
The basilisk bites you!
You die...

########## #######
#........# #......
#........# #......
#.....>..# #......
#<.......# ###......
#........###........ .
#..{.....#...#......
....#.llY....'.###......
P....l†@.....### #......
......Y3.....# #......
.............# ####.##
..P..#+####### #.# ..PP$
#.# .P.. #.# ... #.. P..
####+# #.....


You could see 2 yaks, a basilisk, 2 wyverns and a friendly soul eater
(summoned).

Vanquished Creatures
  Erica (D:8)
  The ghost of Zonian the Thaumaturge, a novice DEIE of Ashenzari (D:8)
  A manticore (D:9)
  A moth of wrath (D:8)
  3 trolls
  Prince Ribbit (D:6)
  Grinder (D:4)
  A shadow (D:10)
  11 yaks
  A wyvern (D:10)
  Eustachio (D:4)
  2 steam dragons (D:7)
  A water moccasin (D:10)
  An acid dragon (D:9)
  4 orc warriors
  A sky beast (D:7)
  3 ogres
  A phantom (D:5)
  6 kobold brigands
  A gnoll sergeant (D:8)
  A scorpion (D:5)
  9 killer bees
  3 howler monkeys
  2 hounds
  An orc priest (D:8)
  Crazy Yiuf (D:2)
  5 jellies
  2 gnoll boudas
  Ijyb (D:3)
  4 sleepcaps
  A hexer (D:8)
  2 orc wizards (D:7)
  14 gnolls
  3 adders
  A shadow imp (D:8)
  A white imp (D:6)
  3 worms (D:2)
  A dart slug (D:3)
  6 orcs
  2 ball pythons
  4 endoplasms
  3 giant cockroaches
  4 goblins
  5 hobgoblins
  2 jackals (D:4)
  13 kobolds
  2 quokkas
  5 bats
  A frilled lizard (D:3)
  6 rats
151 creatures vanquished.

Vanquished Creatures (collateral kills)
  Pikel (D:4)
  Sigmund (D:3)
  4 yaks
  Edmund (D:6)
  2 water moccasins (D:10)
  A sky beast (D:6)
  Duvessa (D:6)
  An orc warrior (D:6)
  2 black bears (D:6)
  A centaur (D:8)
  An ogre (D:6)
  A lemure (D:4)
  5 kobold brigands (D:6)
  A bullfrog (D:8)
  4 scorpions
  Dowan (D:6)
  4 killer bees (D:6)
  An orc priest (D:7)
  2 hounds (D:5)
  A jelly (D:7)
  3 iguanas
  3 orc wizards
  6 gnolls
  2 adders
  3 river rats (D:5)
  An ufetubus (D:6)
  7 orcs
  A ball python (D:4)
  A hobgoblin (D:3)
  2 kobolds (D:8)
65 creatures vanquished.

Vanquished Creatures (others)
  2 hexers
  An orc (D:7)
3 creatures vanquished.

Grand Total: 219 creatures vanquished

Notes
Turn   | Place    | Note
-------+----------+-------------------------------------------
     0 | D:1      | innerfire43 the Demonspawn Monk began the quest for the
                  | Orb.
     0 | D:1      | Reached XP level 1. HP: 18/18 MP: 1/1
   328 | D:1      | Gained mutation: You have a pair of small horns on your
                  | head. [demonic ancestry]
   328 | D:1      | Reached XP level 2. HP: 24/24 MP: 2/2
   958 | D:2      | Reached XP level 3. HP: 29/29 MP: 3/3
  1294 | D:2      | Gained mutation: When seriously injured, your blood forms
                  | armour. (AC +9) [demonic ancestry]
  1294 | D:2      | Reached XP level 4. HP: 37/37 MP: 4/4
  1483 | D:2      | Found a runed translucent door.
  1484 | D:2      | Noticed Crazy Yiuf
  1541 | D:2      | Killed Crazy Yiuf
  1886 | D:3      | Found a faded altar of an unknown god.
  1902 | D:3      | Prayed at the altar of an unknown god.
  1902 | D:3      | Became a worshipper of Hepliaklqana the Forgotten
  1902 | D:3      | Reached * piety under Hepliaklqana
  1902 | D:3      | Reached ** piety under Hepliaklqana
  1903 | D:3      | Remembered your ancestor Dad as a hexer
  1908 | D:3      | Noticed Sigmund
  1918 | D:3      | Killed Sigmund
  1919 | D:3      | Gained mutation: A weak demonic guardian rushes to your
                  | aid. [demonic ancestry]
  1919 | D:3      | Reached XP level 5. HP: 38/38 MP: 5/5
  1919 | D:3      | Gained mutation: A demonic guardian rushes to your aid.
                  | [demonic ancestry]
  1919 | D:3      | Reached XP level 6. HP: 44/44 MP: 6/6
  2074 | D:3      | Noticed Ijyb
  2081 | D:3      | Killed Ijyb
  2306 | D:3      | Reached *** piety under Hepliaklqana
  2809 | D:4      | Found a glowing drain.
  2897 | D:4      | Noticed Pikel
  2929 | D:4      | Killed Pikel
  2930 | D:4      | Reached skill level 5 in Fighting
  2930 | D:4      | Reached skill level 5 in Axes
  2930 | D:4      | Reached skill level 5 in Dodging
  2930 | D:4      | Gained mutation: You have a pair of horns on your head.
                  | [demonic ancestry]
  2930 | D:4      | Reached XP level 7. HP: 28/51 MP: 7/7
  3037 | D:4      | Gained mutation: You have a pair of large horns on your
                  | head. [potion of mutation]
  3376 | D:4      | Noticed Eustachio
  3419 | D:4      | Killed Eustachio
  3630 | D:4      | Noticed Grinder
  3635 | D:4      | Paralysed by Grinder for 2 turns
  3639 | D:4      | Killed Grinder
  3640 | D:4      | Gained mutation: When seriously injured, your blood forms
                  | thick armour. (AC +9) [demonic ancestry]
  3640 | D:4      | Reached XP level 8. HP: 58/58 MP: 8/8
  3667 | D:5      | Entered Level 5 of the Dungeon
  3672 | D:5      | Reached skill level 1 in Shields
  3954 | D:5      | Identified the +2 leather armour "Vueronat" {rPois rC+
                  | Dex+3}
  4120 | D:5      | Reached **** piety under Hepliaklqana
  4402 | D:5      | Found a bloodstained altar of Trog.
  4562 | D:5      | You fall into a shaft and drop 2 floors!
  4592 | D:7      | Reached XP level 9. HP: 64/64 MP: 9/9
  4594 | D:6      | Noticed Edmund
  4604 | D:6      | Killed Edmund
  5325 | D:6      | Found a sparkling altar of Nemelex Xobeh.
  5350 | D:6      | Reached skill level 5 in Shields
  5448 | D:6      | Noticed Dowan
  5452 | D:6      | Noticed Duvessa
  5456 | D:6      | Noticed Prince Ribbit
  5459 | D:6      | Killed Dowan
  5477 | D:6      | Killed Prince Ribbit
  5481 | D:6      | Killed Duvessa
  5624 | D:6      | Reached XP level 10. HP: 72/72 MP: 10/10
  5902 | D:6      | Found the +7 Throatcutter {drain, coup de grace}
  6014 | D:6      | Found a hide-covered altar of Uskayaw.
  6146 | D:7      | Reached skill level 1 in Long Blades
  6157 | D:7      | Reached skill level 2 in Long Blades
  6299 | D:7      | Reached skill level 3 in Long Blades
  6448 | D:7      | Found a staircase to the Ecumenical Temple.
  7018 | D:8      | Found a bloodstained altar of Trog.
  7018 | D:8      | Noticed Zonian's ghost (novice DEIE)
  7018 | D:8      | Noticed a moth of wrath
  7029 | D:8      | Found a transporter.
  7037 | D:8      | Found a transporter.
  7071 | D:8      | Reached ***** piety under Hepliaklqana
  7124 | D:8      | Reached skill level 4 in Long Blades
  7492 | D:8      | Noticed Erica
  7499 | D:8      | Killed Erica
  7500 | D:8      | Reached skill level 5 in Long Blades
  7656 | D:8      | Killed a moth of wrath
  7657 | D:8      | Reached skill level 6 in Long Blades
  7665 | D:8      | Killed Zonian's ghost
  7666 | D:8      | Reached skill level 7 in Long Blades
  7957 | D:9      | Reached skill level 8 in Long Blades
  7959 | D:9      | Reached XP level 11. HP: 47/77 MP: 11/11
  8420 | D:9      | Reached skill level 9 in Long Blades
  8778 | D:10     | Entered Level 10 of the Dungeon
  8914 | D:10     | Found a large runed translucent door.
  8915 | D:10     | Found a large runed translucent door.
  8917 | D:10     | Noticed superbruh's ghost (journeyman MiFi)
  9145 | D:10     | Reached skill level 10 in Long Blades
  9160 | D:10     | HP: 3/77 [yak (4)]
  9164 | D:10     | Slain by a basilisk

Illustrated notes

Levels and vault maps discovered:
D:1:      amcnicky_arrival_feature_with_door, layout_basic
D:2:      layout_basic, uniq_crazy_yiuf_cottage
D:3:      layout_basic, ebering_ecumenical_altar_petrified, minivault_25,
          uniq_sigmund, uniq_ijyb
D:4:      nicolae_cairo_tiling, layout_loops_ring, elyvilon_altar_5,
          portal_sewer_entry_a, uniq_grinder, uniq_eustachio, uniq_pikel
D:5:      wad_woods_settlement, layout_basic,
          mainiacjoe_overflow_surrounded_room, minmay_between
D:6:      layout_cave_pools, minitemple, minmay_fountain_box,
          dilly_guarded_unrand_throatcut, uniq_prince_ribbit1, uniq_duvessa,
          uniq_edmund
D:7:      layout_basic, minmay_temple_entry_hall, serial_curves, eino_curves_03,
          eino_curves_03
D:8:      layout_loops_ring, gammafunk_ghost_wrathful_warriors, uniq_erica
D:9:      layout_stronghold
D:10:     layout_roguey, minmay_lair_entry_grove, ebering_ghost_disaster_area,
          uniq_urug

Skill      XL: |  1  2  3  4  5  6  7  8  9 10 11 |
---------------+----------------------------------+-----
Axes           | 3 4 5 6 7 |  7.0
Dodging        | 3 4 5 6 7 |  7.0
Fighting       | 4 5 6 7 8 |  8.3
Shields        | 3 6 |  6.4
Long Blades    | 8 10 | 10.2

Action                     |  1- 3 |  4- 6 |  7- 9 | 10-12 || total
---------------------------+-------+-------+-------+-------++-------
  Melee: Hand axe          |    81 |    98 |   291 |     6 ||   476
         Headbutt          |    11 |    22 |    90 |    31 ||   154
         Long sword        |       |       |       |   165 ||   165
 Invoke: Ancestor Life: He |       |     1 |       |       ||     1
         Ancestor Identity |       |     1 |       |       ||     1
         Recall Ancestor   |       |       |     1 |       ||     1
    Use: Scroll            |     4 |     2 |     6 |     5 ||    17
         Potion            |       |       |     2 |     2 ||     4
   Stab: Distracted        |       |     2 |     3 |       ||     5
         Confused          |       |     1 |     6 |     2 ||     9
 Armour: Robe              |    23 |    44 |    35 |       ||   102
         Leather armour    |       |       |    78 |    59 ||   137
  Dodge: Dodged            |    64 |    77 |   134 |    59 ||   334
  Block: Orb               |    11 |    21 |    12 |       ||    44
         Tower shield      |       |       |   297 |   214 ||   511
         Reflection        |       |       |     9 |     8 ||    17

Table legend: (Time is in decaauts)
 A = Elapsed time spent in this place.
 B = Non-inter-level travel time spent in this place.
 C = Inter-level travel time spent in this place.
 D = Time resting spent in this place.
 E = Time spent auto-exploring this place.
 F = Levels seen in this place.
 G = Mean time per level.
                   A        B        C        D        E       F      G
               +--------+--------+--------+--------+--------+-----+--------+
         Total |   9337 |   8861 |    476 |      0 |   7175 |  10 |  933.7 |
       Dungeon |   9337 |   8861 |    476 |      0 |   7175 |  10 |  933.7 |
               +--------+--------+--------+--------+--------+-----+--------+

Top non-repeatable levels by time:
     D:5: 1539 daAuts
     D:3: 1086 daAuts
     D:2: 1063 daAuts
     D:9: 1003 daAuts
     D:7: 925 daAuts
     D:8: 904 daAuts
     D:6: 899 daAuts
     D:4: 864 daAuts
     D:1: 652 daAuts
    D:10: 396 daAuts
